 Dungeon Crawl Stone Soup version 0.27-a0-1532-gca18f49f40 (webtiles) character file.

Game seed: 6568006894549956323

2083 avis the Martial Artist (level 9, -14/61 HPs)
             Began as an Octopode Transmuter on July 13, 2021.
             Was an Initiate of Gozag.
             Shot with a sling bullet by Joseph (16 damage)
             ... on level 6 of the Dungeon.
             The game lasted 00:44:29 (8476 turns).

avis the Martial Artist (Octopode Transmuter)       Turns: 8476, Time: 00:44:29

Health: -14/61     AC:  2    Str: 17    XL:     9   Next: 27%
Magic:  11/12      EV: 26    Int: 17    God:    Gozag
Gold:   45         SH:  0    Dex: 17    Spells: 4/12 levels left

rFire    . . .     SeeInvis .     - Unarmed
rCold    . . .     Faith    .   (shield currently unavailable)
rNeg     . . .     Spirit   .   (helmet currently unavailable)
rPois    x         Reflect  .   (no amulet)
rElec    .         Harm     .   j - +4 ring of evasion
rCorr    .         Rampage  .   s - +6 ring of strength
Will     .....                  (no ring)
Stlth    ++........             (no ring)
HPRegen  0.20/turn              (no ring)
MPRegen  0.13/turn              (no ring)
                                (no ring)
                                (no ring)

@: spider-form (expiring)
A: venomous fangs, almost no armour, (amphibious), 8 rings, tiny, (camouflage
1), (gelatinous body 1), (nimble swimmer 1), (tentacles)
a: End Transformation, Renounce Religion, Potion Petition, Call Merchant, Bribe
Branch


You were on level 6 of the Dungeon.
You worshipped Gozag.
Gozag was noncommittal.
You were a venomous arachnid creature.
You visited 2 branches of the dungeon, and saw 8 of its levels.

You collected 263 gold pieces.
You spent 143 gold pieces at shops.
You paid 75 gold pieces to Gozag.

Inventory:

Hand Weapons
 a - a +1 flail of protection (melded)
Jewellery
 j - a +4 ring of evasion (left front leg)
 s - a +6 ring of strength (right front leg)
Wands
 i - a wand of charming (11)
 D - a wand of mindburst (14)
Scrolls
 b - a scroll of fear {unknown}
 c - 3 scrolls of teleportation
 f - 6 scrolls of identify
 g - a scroll of noise
 l - a scroll of holy word {unknown}
 q - a scroll of immolation {unknown}
 v - a scroll of acquirement {unknown}
 x - 2 scrolls of enchant weapon {unknown}
 y - a scroll of enchant armour {unknown}
 A - 3 scrolls of amnesia
Potions
 d - 4 potions of cancellation {unknown}
 e - 5 potions of curing
 h - 2 potions of attraction {unknown}
 m - 2 potions of resistance {unknown}
 o - a potion of heal wounds
 t - a potion of degeneration {unknown}


   Skills:
 - Level 5.0 Fighting
 - Level 5.0 Dodging
 - Level 2.0 Stealth
 - Level 9.0 Unarmed Combat
 - Level 2.0 Spellcasting
 - Level 4.0 Transmutations
 * Level 2.2 Ice Magic
 - Level 2.0 Poison Magic


You had 4 spell levels left.
You knew the following spells:

 Your Spells              Type           Power      Damage    Failure   Level
a - Beastly Appendage     Tmut           30%        N/A       12%         1
p - Spider Form           Tmut/Pois      5%         N/A       36%         3
q - Ice Form              Ice/Tmut       12%        N/A       69%         4

Your spell library contained the following spells:

 Spells                   Type           Power      Damage    Failure   Level
 Wereblood                Tmut           15%        N/A       16%         2
 Foxfire                  Conj/Fire      4%         2x1d4     38%         1
 Conjure Flame            Conj/Fire      1%         6-21      71%         3
 Gell's Gravitas          Tloc           0%         N/A       71%         3
 Inner Flame              Hex/Fire       1%         N/A       71%         3
 Lesser Beckoning         Tloc           0%         N/A       71%         3
 Teleport Other           Tloc           1%         N/A       71%         3
 Summon Ice Beast         Ice/Summ       5%         N/A       90%         4
 Summon Mana Viper        Hex/Summ       1%         N/A       100%        5
 Monstrous Menagerie      Summ           0%         N/A       100%        7


Dungeon Overview and Level Annotations

Branches:
Dungeon (7/15)             Temple (1/1) D:6

Altars:
Ashenzari
Cheibriados
Elyvilon
Fedhas
Gozag
Hepliaklqana
Kikubaaqudgha
Makhleb
Nemelex Xobeh
Okawaru
Qazlal
Ru
Sif Muna
Trog
Uskayaw
Vehumet
Wu Jian
Xom
Zin
The Shining One

Shops:
D:4 =?:!

Annotations:
D:5 1 runed translucent door, Crazy Yiuf
D:6 2 transporters, DocClef's ghost, weakling GnDe; Joseph


Innate Abilities, Weirdness & Mutations

You are a venomous arachnid creature.
You have poisonous fangs.
You are tiny and dextrous.
Your spellcasting is less reliable in this form.
Your armour is entirely melded.
You are incapable of wielding weapons or throwing items.
You cannot wear most types of armour.
((You are amphibious.))
You can wear up to eight rings at the same time.
((Your skin changes colour to match your surroundings (Stealth+).))
((Your rubbery body absorbs attacks. (AC +1, EV +1)))
((You are camouflaged near water. (Stealth+)))
((You have tentacles for arms and can constrict up to eight enemies at once.))


Message History

You hit Joseph but do no damage.
Joseph is poisoned.
You hit Joseph.
Joseph looks as sick as possible!
Joseph is lightly wounded.
Joseph completely misses you.
You bite Joseph!
Joseph looks as sick as possible!
Joseph is lightly wounded.
Joseph completely misses you.
You barely miss Joseph.
Joseph is moderately wounded.
Joseph hits you with a +0 quarterstaff.
You bite Joseph!
Joseph looks as sick as possible!
Joseph is moderately wounded.
Joseph misses you.
You bite Joseph!
Joseph looks as sick as possible!
Joseph is severely wounded.
Joseph drinks a potion.
Joseph is healed!
You bite Joseph!
Joseph looks as sick as possible!
Joseph is heavily wounded.
Your transformation is almost over.
You bite Joseph!
Joseph is severely wounded.
Joseph hits you with a +0 quarterstaff!
You barely miss Joseph.
Joseph is severely wounded.
Joseph hits you with a +0 quarterstaff!
* * * LOW HITPOINT WARNING * * *
You bite Joseph!
Joseph looks as sick as possible!
Joseph is almost dead.
Joseph barely misses you.
You hit Joseph.
Joseph looks as sick as possible!
Joseph is almost dead.
Joseph misses you.
You hit Joseph.
Joseph is almost dead.
Joseph hits you with a +0 quarterstaff!
* * * LOW HITPOINT WARNING * * *
Joseph unwields a +0 quarterstaff.
Joseph wields a +0 hunting sling.
Joseph shoots a sling bullet.
The sling bullet hits you!
You die...
Your body crumbles into a pile of gold.

#.# #.##.# #..........# #.#
#.##.###..........####### #.#
#.##.#............+...... #.#
#.##.#<#..........####### #.#
#.##.###...###....# # #.#
#.##.#.#...# #....# # #.#
#....#.#...# #....# #
#.##########..)..# ###### #
#.#..........#s############## #
#.#.###.....##>.............###
#.#.# #......@.................
#.#.# #.....##.######.....##.##
#.#.# #.....##...^.............
#.#.# #.....######.##.....#.#.#
##.#.# ####.## #.########.#..
#....# #.# #.# #.##.
###########.# #.# #.##.


You could see Joseph (extremely poisoned).

Vanquished Creatures
  Pikel (D:5)
  Sigmund (D:5)
  A wyvern (D:6)
  Edmund (D:5)
  An ice beast (D:6)
  2 lemures (D:5)
  A scorpion (D:6)
  A wyvern zombie (D:5)
  2 wyvern skeletons (D:6)
  2 howler monkeys
  2 bullfrog zombies
  A centaur zombie (D:5)
  4 orc priests
  3 hounds
  3 jellies (D:4)
  A centaur skeleton (D:4)
  An iguana (D:5)
  Jessica (D:3)
  Terence (D:3)
  5 orc wizards
  3 gnolls (D:2)
  A howler monkey skeleton (D:5)
  5 adders
  A shadow imp (D:5)
  A white imp (D:6)
  An ufetubus (D:4)
  2 worms
  28 orcs
  2 endoplasms
  A giant cockroach (D:3)
  7 goblins
  7 hobgoblins
  8 jackals
  2 quokkas
  6 ball pythons
  2 bats (D:3)
  A frilled lizard (D:2)
  9 kobolds
  11 rats
133 creatures vanquished.

Notes
Turn   | Place    | Note
-------+----------+-------------------------------------------
     0 | D:1      | avis the Octopode Transmuter began the quest for the Orb.
     0 | D:1      | Reached XP level 1. HP: 13/13 MP: 3/3
   197 | D:1      | Reached skill level 1 in Stealth
   308 | D:1      | Reached XP level 2. HP: 15/18 MP: 5/5
   900 | D:1      | Reached skill level 1 in Poison Magic
  1179 | D:1      | Found a faded altar of an unknown god.
  1179 | D:1      | Noticed a tormentor
  1200 | D:2      | Found a sacrificial altar of Ru.
  1204 | D:2      | Reached XP level 3. HP: 24/24 MP: 4/6
  1223 | D:1      | Learned a level 3 spell: Spider Form
  1240 | D:2      | Reached skill level 4 in Unarmed Combat
  1240 | D:2      | Reached XP level 4. HP: 2/29 MP: 0/7
  2157 | D:2      | Reached XP level 5. HP: 34/34 MP: 4/8
  2601 | D:2      | Reached skill level 5 in Unarmed Combat
  2943 | D:3      | Noticed Jessica
  3717 | D:3      | Noticed Terence
  3727 | D:3      | Killed Terence
  3728 | D:3      | Reached XP level 6. HP: 15/42 MP: 3/9
  4128 | D:3      | Killed Jessica
  4537 | D:4      | Reached skill level 6 in Unarmed Combat
  4734 | D:4      | Found Joah's Book Shop.
  4741 | D:4      | Found Veefecep's Jewellery Emporium.
  4870 | D:4      | Reached XP level 7. HP: 46/46 MP: 6/10
  4992 | D:4      | Found Sirhed's Distillery.
  5487 | D:4      | Found Jiprim's Magic Scroll Emporium.
  5506 | D:4      | Reached skill level 7 in Unarmed Combat
  5760 | D:5      | Entered Level 5 of the Dungeon
  6022 | D:5      | Found a runed translucent door.
  6023 | D:5      | Noticed Crazy Yiuf
  6217 | D:5      | Reached skill level 5 in Fighting
  6217 | D:5      | Reached XP level 8. HP: 41/55 MP: 8/11
  6381 | D:5      | Noticed Pikel
  6395 | D:5      | Killed Pikel
  6396 | D:5      | Reached skill level 8 in Unarmed Combat
  6734 | D:5      | Noticed Edmund
  6742 | D:5      | Noticed Sigmund
  6759 | D:5      | Killed Sigmund
  6760 | D:5      | Reached skill level 5 in Dodging
  6767 | D:5      | Learned a level 4 spell: Ice Form
  6800 | D:5      | Killed Edmund
  7074 | D:6      | Reached skill level 9 in Unarmed Combat
  7074 | D:6      | Reached XP level 9. HP: 55/61 MP: 10/12
  7306 | D:6      | Reached skill level 1 in Ice Magic
  7455 | D:6      | Found a staircase to the Ecumenical Temple.
  7465 | Temple   | Entered the Ecumenical Temple
  7646 | Temple   | Became a worshipper of Gozag Ym Sagoz the Greedy
  7763 | D:4      | Bought a scroll of noise for 11 gold pieces
  7763 | D:4      | Bought a scroll of identify for 22 gold pieces
  7763 | D:4      | Bought a scroll of teleportation for 33 gold pieces
  7763 | D:4      | Bought a scroll of amnesia for 38 gold pieces
  7799 | D:4      | Bought a potion of curing for 39 gold pieces
  8060 | D:6      | Noticed a hornet
  8096 | D:6      | Noticed a queen bee
  8101 | D:6      | Found a transporter.
  8105 | D:6      | Found a transporter.
  8120 | D:6      | Noticed DocClef's ghost (weakling GnDe)
  8348 | D:7      | Noticed Joseph
  8475 | D:6      | HP: 2/61 [Joseph (17)]
  8476 | D:6      | Shot with a sling bullet by Joseph

Illustrated notes

Levels and vault maps discovered:
D:1:      dpeg_arrival_simpleton_b, layout_loops_ring,
          dreamdust_ecumenical_altar_sealed_demon
D:2:      layout_loops_ring, basic_altar
D:3:      layout_basic, minmay_diced_spiral, uniq_jessica, uniq_terence
D:4:      minmay_spotlight, layout_basic, serial_shops, shop,
          nicolae_shop_behind_doors, shop, shop
D:5:      layout_basic, minmay_statues_item, uniq_edmund,
          uniq_crazy_yiuf_cottage, uniq_sigmund, uniq_pikel
D:6:      layout_basic, minmay_temple_entry_large_hall, gammafunk_ghost_hive,
          amcnicky_mini_pool_small
D:7:      layout_rooms, nicolae_underground_beach, uniq_maggie, uniq_harold,
          uniq_joseph
Temple:   regret_index_temple_chain_breaker

Skill      XL: |  1  2  3  4  5  6  7  8  9 |
---------------+----------------------------+-----
Stealth        | 2 |  2.0
Poison Magic   | 1 2 |  2.0
Fighting       | 2 3 5 |  5.0
Unarmed Combat | 4 5 6 7 9 |  9.0
Dodging        | 3 5 |  5.0
Transmutations | 4 |  4.0
Ice Magic      | 2 |  2.2
Spellcasting   | |  2.0

Action                   |  1- 3 |  4- 6 |  7- 9 || total
-------------------------+-------+-------+-------++-------
Melee: Unarmed           |    55 |   109 |   170 ||   334
       Constrict         |    14 |    15 |     4 ||    33
       Tentacles         |    10 |    10 |     2 ||    22
       Kick              |     9 |     9 |     2 ||    20
       Punch             |       |     2 |       ||     2
       Dagger            |       |    13 |       ||    13
       Flail             |       |     8 |    15 ||    23
       Short sword       |       |     4 |       ||     4
 Cast: Beastly Appendage |    18 |    15 |     1 ||    34
       Spider Form       |     1 |    23 |    29 ||    53
 Stab: Sleeping          |     8 |     2 |     5 ||    15
Armor: Skin              |     4 |     7 |     5 ||    16
Dodge: Dodged            |    24 |   138 |   144 ||   306

Table legend: (Time is in decaauts)
 A = Elapsed time spent in this place.
 B = Non-inter-level travel time spent in this place.
 C = Inter-level travel time spent in this place.
 D = Time resting spent in this place.
 E = Time spent auto-exploring this place.
 F = Levels seen in this place.
 G = Mean time per level.
                   A        B        C        D        E       F      G
               +--------+--------+--------+--------+--------+-----+--------+
         Total |   8471 |   7878 |    593 |   2946 |   3208 |   8 | 1058.9 |
       Dungeon |   8266 |   7704 |    562 |   2946 |   3058 |   7 | 1180.9 |
        Temple |    204 |    173 |     31 |      0 |    150 |   1 |  204.0 |
               +--------+--------+--------+--------+--------+-----+--------+

Top non-repeatable levels by time:
     D:3: 1812 daAuts
     D:1: 1673 daAuts
     D:2: 1380 daAuts
     D:5: 1270 daAuts
     D:6: 1092 daAuts
     D:4: 1028 daAuts
  Temple: 204 daAuts
     D:7: 8 daAuts
